 Dungeon Crawl Stone Soup version 0.25-a0-10-g2fe12d4386 (webtiles) character file.

Game seed: 8922904824842073008, levelgen mode: deterministic

310 Mattoad the Cudgeler (level 6, -2/53 HPs)
             Began as a Minotaur Berserker on Oct 15, 2019.
             Was a Priest of Trog.
             Slain by an orc wizard
             ... wielding a +0 dagger
              (6 damage)
             ... on level 3 of the Dungeon.
             The game lasted 00:16:59 (2976 turns).

Mattoad the Cudgeler (Minotaur Berserker)           Turns: 2976, Time: 00:17:00

Health: -2/53      AC:  3    Str: 24    XL:     6   Next: 17%
Magic:  5/5        EV: 12    Int:  4    God:    Trog [***...]
Gold:   70         SH:  0    Dex:  9    Spells: 5/5 levels left

rFire    . . .     SeeInvis .   o - +2 whip (elec)
rCold    . . .     Gourm    .   (no shield)
rNeg     + . .     Faith    .   b - +0 animal skin
rPois    .         Spirit   .   (helmet restricted)
rElec    .         Reflect  .   m - +0 cloak
rCorr    .         Harm     .   (no gloves)
MR       ++...                  (no boots)
Stlth    +.........             (no amulet)
HPRegen  1.17/turn              p - ring of positive energy
MPRegen  0.09/turn              (no ring)

@: about to teleport, berserk cooldown, regenerating, slowed, very slow
A: retaliatory headbutt, horns 2
a: Berserk, Trog's Hand, Renounce Religion


You were on level 3 of the Dungeon.
You worshipped Trog.
Trog was most pleased with you.
You were not hungry.

You visited 1 branch of the dungeon, and saw 4 of its levels.

You collected 70 gold pieces.

Inventory:

Hand Weapons
 a - a +0 mace
 n - a +0 mace
 o - a +2 whip of electrocution (weapon)
Armour
 b - a +0 animal skin (worn)
 m - a +0 cloak (worn)
Jewellery
 p - a ring of positive energy (left hand)
 s - an uncursed ring of ice
Scrolls
 e - 3 scrolls of remove curse
 i - a scroll of fog {unknown}
 q - a scroll of fear {unknown}
Potions
 d - a potion of magic {unknown}
 f - a potion of haste {unknown}
 g - 2 potions of lignification {unknown}
 j - a potion of curing {unknown}
 k - a potion of degeneration {unknown}
Comestibles
 c - 6 rations
 l - 9 chunks of flesh


   Skills:
 - Level 4.7 Fighting
 + Level 7.3 Maces & Flails
 - Level 2.8 Armour
 - Level 2.9 Dodging
 - Level 0.1 Stealth


You had 5 spell levels left.
You didn't know any spells.
Your spell library was empty.

Dungeon Overview and Level Annotations

Branches:
Dungeon (4/15)
 Temple: D:4-7

Altars:
Nemelex Xobeh


Innate Abilities, Weirdness & Mutations

You reflexively headbutt those who attack you in melee.
You have a pair of horns on your head.


Message History

You feel somewhat more hungry. The jackal closely misses you.
The orc wizard hits you with a +0 dagger.
The orc hits you with a +0 dagger.
* * * LOW HITPOINT WARNING * * *
The orc hits you with a +0 whip.
* * * LOW HITPOINT WARNING * * *
The jackal bites you but does no damage.
The orc wizard casts a spell at you. The magic dart hits you!
* * * LOW HITPOINT WARNING * * *
You barely miss the jackal.
You headbutt the jackal, but do no damage.
The jackal is moderately wounded.
The orc misses you. You furiously retaliate!
You headbutt the orc!
You kill the orc!
Trog accepts your kill.
The jackal bites you but does no damage.
The orc closely misses you.
The orc wizard hits you with a +0 dagger.
You die...

#..).........._..........#
######+#..##.⌠.⌠#..#.....#
#.........#...........#
####.........(.(.....##'##
#............#........#.#
#...............###<..#.#
#......#'#...........##.#
#...(..+.##).)###.......#
#......###.h@o..#.#######
#####'####.#o#..#.#
#......#.#..#.#
########.#.##.# #.#....#
###### #.#....# #....#
#.##...# #....# #......#
#....### ######.# #....+..


You could see an orc wizard, an orc and a jackal.

Vanquished Creatures
  Crazy Yiuf (D:2)
  An orc wizard (D:3)
  An iguana (D:3)
  Natasha (thrice) (D:2)
  2 worker ant zombies (D:3)
  A howler monkey skeleton (D:3)
  4 adders
  4 dart slugs
  2 leopard geckos
  6 orcs (D:3)
  5 goblins
  5 hobgoblins
  8 jackals
  A quokka (D:2)
  11 bats
  3 frilled lizards
  A jackal zombie (D:3)
  9 kobolds
  A leopard gecko skeleton (D:3)
  7 rats
76 creatures vanquished.

Notes
Turn   | Place    | Note
-------+----------+-------------------------------------------
     0 | D:1      | Mattoad the Minotaur Berserker began the quest for the Orb.
     0 | D:1      | Reached XP level 1. HP: 19/19 MP: 0/0
   109 | D:1      | Reached XP level 2. HP: 27/27 MP: 1/1
   148 | D:1      | Reached skill level 4 in Maces & Flails
   469 | D:2      | Reached ** piety under Trog
   639 | D:2      | Reached XP level 3. HP: 28/33 MP: 2/2
   766 | D:2      | Noticed Natasha
   770 | D:2      | Killed Natasha
   798 | D:2      | Noticed Natasha
   805 | D:2      | Killed Natasha
   805 | D:2      | Reached XP level 4. HP: 13/41 MP: 3/3
   884 | D:2      | Noticed Natasha
   893 | D:2      | Killed Natasha
   893 | D:2      | Reached skill level 5 in Maces & Flails
  1243 | D:2      | Found a runed translucent door.
  1244 | D:2      | Noticed Crazy Yiuf
  1523 | D:2      | Found a faded altar of an unknown god.
  1611 | D:2      | Killed Crazy Yiuf
  1611 | D:2      | Reached XP level 5. HP: 47/47 MP: 4/4
  1763 | D:3      | Reached skill level 6 in Maces & Flails
  1884 | D:3      | Found a sparkling altar of Nemelex Xobeh.
  2291 | D:3      | Reached *** piety under Trog
  2849 | D:3      | Reached skill level 7 in Maces & Flails
  2849 | D:3      | Reached XP level 6. HP: 37/53 MP: 5/5
  2976 | D:3      | Slain by an orc wizard

Levels and vault maps discovered:
D:1:      dpeg_arrival_rooms_with_view, layout_basic, skrybe_limestone_x
D:2:      layout_loops_ring, chequers_ecumenical_altar_grove,
          uniq_crazy_yiuf_cottage, uniq_natasha
D:3:      layout_basic, nemelex_xobeh_ov_fountains_minmay, serial_undead,
          serial_undead_b, serial_undead_c, serial_undead_e, serial_undead_a
D:4:      layout_cave_pools, minmay_temple_entry_enclosed_plants, first_ration,
          minmay_misc_feat_cross

Skill      XL: |  1  2  3  4  5 |
---------------+----------------+-----
Fighting       | 4 |  4.7
Maces & Flails | 4 5 7 |  7.3
Armour         | |  2.8
Dodging        | |  2.9
Stealth        | |  0.1

Action                   |  1- 3 |  4- 6 || total
-------------------------+-------+-------++-------
Melee: Mace              |    55 |    26 ||    81
       Headbutt          |    13 |    13 ||    26
       Whip              |       |    70 ||    70
Invok: Berserk           |     1 |     4 ||     5
       Trog's Hand       |       |     1 ||     1
  Use: Scroll            |       |     6 ||     6
  Eat: Chunk             |       |     8 ||     8
       Ration            |       |     1 ||     1
Armor: Animal skin       |    11 |    40 ||    51
Dodge: Dodged            |    36 |    99 ||   135

Table legend:
 A = Non-vault XP
 B = Vault XP
 C = Vault XP percentage of total XP
 D = Non-vault monster count
 E = Vault monster count
 F = Vault count percentage of total count
                 A         B        C        D         E       F
            +---------+---------+-------+---------+---------+-------
      Total |     314 |     129 |  29.1 |      67 |       9 |  11.8
            +---------+---------+-------+---------+---------+-------
        D:1 |      23 |       4 |  14.8 |      13 |       2 |  13.3
        D:2 |     131 |      78 |  37.3 |      24 |       2 |   7.7
        D:3 |     160 |      47 |  22.7 |      30 |       5 |  14.3
            +---------+---------+-------+---------+---------+-------
